 Dungeon Crawl Stone Soup version 0.27-a0-242-ge0fc76b88b (webtiles) character file.

Game seed: 3794493145479457462

278 dickylongcocking the Grave Robber (level 6, -8/48 HPs)
             Began as a Human Necromancer on Feb 2, 2021.
             Mangled by a wraith (11 damage)
             ... on level 4 of the Dungeon.
             The game lasted 00:04:43 (4075 turns).

dickylongcocking the Grave Robber (HuNe)            Turns: 4075, Time: 00:04:43

Health: -8/48      AC:  2    Str: 11    XL:     6   Next: 51%
Magic:  9/9        EV: 12    Int: 15    God:
Gold:   227        SH:  0    Dex: 13    Spells: 5/9 levels left

rFire    . . .     SeeInvis .   k - +2 short sword (venom)
rCold    . . .     Faith    .   (no shield)
rNeg     . . .     Spirit   .   a - +0 robe
rPois    +         Reflect  .   (no helmet)
rElec    .         Harm     .   (no cloak)
rCorr    .         Rampage  .   (no gloves)
Will     .....                  (no boots)
Stlth    ++........             e - amulet of magic regeneration
HPRegen  0.16/turn              (no ring)
MPRegen  0.36/turn              b - ring of poison resistance

@: slowed, very slow
A: no striking features
a: no special abilities


You were on level 4 of the Dungeon.
You visited 1 branch of the dungeon, and saw 4 of its levels.
You also visited: Ossuary.

You collected 227 gold pieces.

Inventory:

Hand Weapons
 c - a +0 hand axe
 k - a +2 short sword of venom (weapon)
 n - a -3 falchion
Armour
 a - a +0 robe (worn)
 f - +0 shadow dragon scales
Jewellery
 b - a ring of poison resistance (right hand)
 e - an amulet of magic regeneration (around neck)
Scrolls
 d - 7 scrolls of identify
 g - 2 scrolls of amnesia
 j - a scroll of random uselessness


   Skills:
 * Level 3.8 Fighting
 - Level 2.0 Dodging
 - Level 2.2 Stealth
 - Level 2.1 Spellcasting
 * Level 5.9 Necromancy


You had 5 spell levels left.
You knew the following spells:

 Your Spells              Type           Power        Failure   Level
a - Pain                  Necr           76%          1%          1
x - Vampiric Draining     Necr           9%           6%          3

Your spell library contained the following spells:

 Spells                   Type           Power        Failure   Level
 Animate Skeleton         Necr           38%          1%          1
 Animate Dead             Necr           9%           19%         4
 Magic Dart               Conj           4%           22%         1
 Searing Ray              Conj           2%           32%         2
 Agony                    Necr           19%          47%         5
 Dazzling Flash           Conj/Hex       2%           54%         3
 Fulminant Prism          Conj/Hex       0%           91%         4
 Iskenderun's Mystic Bla  Conj/Tloc      1%           91%         4


Dungeon Overview and Level Annotations

Branches:
Dungeon (4/15)            Ossuary (visited)
 Temple: D:4-7

Altars:
Nemelex Xobeh
Vehumet
Xom
The Shining One


Message History

Unknown command.
Press: ? - help, v - describe, . - travel
Here: a wraith (inner flame)
The floor.
You feel yourself speed up.
Unknown command.
Unknown command.
Okay, then.
There is an open gate here.
There is a gate leading back out of this place here.
The wraith hits you!
* * * LOW HITPOINT WARNING * * *
The wraith drains your vigour!
You feel yourself slow down.
Welcome back to the Dungeon!
There is a collapsed entrance here.
Unknown command.
Unknown command.
Unknown command.
The wraith's inner flame fades away.
The wraith hits you!
You die...

.....## .##
...#.............#..#
...............#..#.#
.......... #.)#...#
.......# #.##..# ...
#......# #...... ....
#......# ####.....[
###..#......###....#.##.
#......@........####..##
........W......######.##
..........##.รท.....##..#
...................###..
...>..#####).......# ##.
.....# #.)#......# ##
..... #.........# .....
#.<#......# ..
...........


You could see a wraith.

Vanquished Creatures
  A human zombie (D:4)
  2 orc wizards
  Natasha (twice) (D:4)
  8 adders
  A dart slug (D:1)
  A leopard gecko (D:3)
  5 orcs
  2 giant cockroaches
  A gnoll zombie (Ossuary)
  3 goblins
  8 hobgoblins
  3 jackals (D:1)
  9 kobolds
  A quokka (D:2)
  8 bats
  4 frilled lizards
  2 goblin zombies (Ossuary)
  5 hobgoblin zombies (Ossuary)
  3 kobold zombies (Ossuary)
  2 orc zombies
  7 rats
78 creatures vanquished.

Notes
Turn   | Place    | Note
-------+----------+-------------------------------------------
     0 | D:1      | dickylongcocking the Human Necromancer began the quest for
                  | the Orb.
     0 | D:1      | Reached XP level 1. HP: 13/13 MP: 3/3
   163 | D:1      | Reached XP level 2. HP: 9/19 MP: 0/5
  1053 | D:1      | Reached XP level 3. HP: 15/25 MP: 1/6
  1059 | D:1      | Reached skill level 1 in Fighting
  1599 | D:2      | Reached XP level 4. HP: 29/33 MP: 4/7
  1917 | D:2      | Reached skill level 5 in Necromancy
  2096 | D:2      | Found a shimmering altar of Xom.
  2151 | D:3      | Found a sparkling altar of Nemelex Xobeh.
  2277 | D:3      | Found a radiant altar of Vehumet.
  2604 | D:3      | Reached XP level 5. HP: 23/39 MP: 8/8
  2925 | D:3      | Found a glowing golden altar of the Shining One.
  3093 | D:4      | Noticed Natasha
  3109 | D:4      | Killed Natasha
  3114 | D:4      | Learned a level 3 spell: Vampiric Draining
  3448 | D:4      | Found a sand-covered staircase.
  3470 | D:4      | Reached XP level 6. HP: 19/47 MP: 3/9
  3617 | D:4      | Noticed Natasha
  3621 | D:4      | Killed Natasha
  3627 | Ossuary  | Entered an ossuary
  3627 | Ossuary  | Noticed a wraith
  3627 | Ossuary  | Noticed a wraith
  3627 | Ossuary  | Noticed a wraith
  4038 | Ossuary  | Noticed a wraith
  4075 | D:4      | Mangled by a wraith

Illustrated notes

Levels and vault maps discovered:
D:1:      nicolae_arrival_washed_ashore, layout_rooms, minmay_tetromino_t4
D:2:      minmay_skewed_foursquare, layout_rooms, nicolae_overflow_hidden_temple
D:3:      layout_loops_ring, general_overflow_altar,
          nemelex_xobeh_ov_fountains_minmay, vehumet_crystals
D:4:      layout_rooms, minmay_temple_entry_tees, enter_ossuary_3,
          uniq_eustachio, uniq_natasha

Skill      XL: |  1  2  3  4  5 |
---------------+----------------+-----
Fighting       | 1 2 3 |  3.8
Necromancy     | 5 |  5.9
Dodging        | |  2.0
Stealth        | |  2.2
Spellcasting   | |  2.1

Action                   |  1- 3 |  4- 6 || total
-------------------------+-------+-------++-------
Melee: Hand axe          |    27 |     5 ||    32
       Short sword       |       |   134 ||   134
 Cast: Pain              |    50 |    32 ||    82
       Vampiric Draining |       |     4 ||     4
  Use: Potion            |     2 |     5 ||     7
       Scroll            |     1 |     6 ||     7
 Stab: Sleeping          |       |     2 ||     2
       Distracted        |       |     1 ||     1
Armor: Robe              |    10 |    20 ||    30
       Skin              |       |    40 ||    40
Dodge: Dodged            |    47 |    98 ||   145

Table legend: (Time is in decaauts)
 A = Elapsed time spent in this place.
 B = Non-inter-level travel time spent in this place.
 C = Inter-level travel time spent in this place.
 D = Time resting spent in this place.
 E = Time spent auto-exploring this place.
 F = Levels seen in this place.
 G = Mean time per level.
                   A        B        C        D        E       F      G
               +--------+--------+--------+--------+--------+-----+--------+
         Total |   4086 |   4002 |     84 |    650 |   2697 |   5 |  817.2 |
       Dungeon |   3628 |   3544 |     84 |    499 |   2530 |   4 |  907.0 |
       Ossuary |    457 |    457 |      0 |    151 |    167 |   1 |  457.0 |
               +--------+--------+--------+--------+--------+-----+--------+

Top non-repeatable levels by time:
     D:1: 1355 daAuts
     D:3: 923 daAuts
     D:2: 805 daAuts
     D:4: 543 daAuts
 Ossuary: 457 daAuts
